 Dungeon Crawl Stone Soup version 0.31-a0-1321-g5021b54 (webtiles) character file.

Game seed: 10828047708360724275

5860 Meow the Destroyer (level 10, -5/84 HPs)
             Began as a Naga Conjurer on Dec 20, 2023.
             Was an Initiate of Gozag.
             Shot with a bolt by a yaktaur (18 damage)
             ... on level 11 of the Dungeon.
             The game lasted 00:28:51 (10268 turns).

Meow the Destroyer (Naga Conjurer)                 Turns: 10268, Time: 00:28:51

Health: -5/84      AC: 12    Str:  9    XL:     10   Next: 81%
Magic:  24/24      EV: 14    Int: 24    God:    Gozag
Gold:   686        SH:  0    Dex:  9    Spells: 1/29 levels left

rFire   . . .        b - +0 whip (elec)
rCold   . . .        (no shield)
rNeg    . . .        E - +2 robe {Will+}
rPois   +            g - +0 helmet
rElec   .            y - +0 cloak
rCorr   .            (no gloves)
SInv    +            (no barding)
Will    ++...        (no amulet)
Stlth   ++           x - +4 ring of protection
HPRegen 0.34/turn    G - +5 ring of evasion
MPRegen 0.19/turn

%: no passive effects
@: very slow
A: AC +3, large, see invisible, deformed body, poison resistance, slowness 2,
spit poison 1, naga tail 1
a: Spit Poison, Renounce Religion, Potion Petition, Call Merchant, Bribe Branch


You were on level 11 of the Dungeon.
You worshipped Gozag.
Gozag was pleased with you.
You visited 2 branches of the dungeon, and saw 13 of its levels.

You collected 1159 gold pieces.
You spent 392 gold pieces at shops.
You paid 81 gold pieces to Gozag.

Inventory:

Hand Weapons
 a - a +0 long sword
 b - a +0 whip of electrocution (weapon)
 w - a +0 quarterstaff
 A - a +2 dagger of venom
 D - a +0 sling
Missiles
 i - 33 poisoned darts
 k - 101 stones
 F - 2 javelins
Armour
 e - a +0 robe
 g - a +0 helmet (worn)
 y - a +0 cloak (worn)
 E - a +2 robe of willpower (worn)
Jewellery
 c - a ring of fire
 j - a ring of protection from cold
 x - a +4 ring of protection (left hand)
 G - a +5 ring of evasion (right hand)
Wands
 t - a wand of flame (28)
 C - a wand of polymorph (10)
 H - a wand of digging (8)
Scrolls
 l - 5 scrolls of teleportation
 m - 2 scrolls of revelation
 n - a scroll of enchant armour
 o - 2 scrolls of enchant weapon
 q - a scroll of vulnerability {unknown}
 u - 2 scrolls of blinking {unknown}
 z - 2 scrolls of poison {unknown}
 B - a scroll of summoning {unknown}
 I - a scroll of identify
Potions
 d - 4 potions of attraction
 f - 3 potions of curing
 h - 3 potions of berserk rage
 p - a potion of magic
 r - a potion of might
 v - a potion of cancellation {unknown}


   Skills:
 + Level 3.5 Fighting
 - Level 1.5 Dodging
 - Level 3.0 Stealth
 - Level 10.0 Spellcasting
 - Level 12.0 Conjurations


You had one spell level left.
You knew the following spells:

 Your Spells              Type           Power      Damage    Failure   Level
a - Magic Dart            Conj           100%       1d8       1%          1
b - Searing Ray           Conj           100%       2d8       1%          2
f - Freezing Cloud        Conj/Ice/Air   15%        6-21      28%         5
g - Brom's Barrelling Bo  Conj/Erth      40%        2d6       4%          4
A - Stone Arrow           Conj/Erth      80%        3d12      1%          3
B - Iskenderun's Mystic   Conj/Tloc      40%        2d9       4%          4
F - Fulminant Prism       Conj/Alch      20%        3d12      4%          4
G - Arcjolt               Conj/Air       20%        1d30      12%         5

Your spell library contained the following spells:

 Spells                   Type           Power      Damage    Failure   Level
 Necrotise                Necr           48%        1d6       5%          1
 Sandblast                Erth           24%        2d8       5%          1
 Slow                     Hex            48%        N/A       5%          1
 Cigotuvi's Dreadful Rot  Necr/Alch/Air  24%        N/A       8%          2
 Jinxbite                 Hex            24%        N/A       8%          2
 Passwall                 Alch/Erth      10%        N/A       8%          2
 Confusing Touch          Hex            12%        N/A       16%         3
 Sigil of Binding         Hex            12%        N/A       16%         3
 Tukima's Dance           Hex            12%        N/A       16%         3
 Vampiric Draining        Necr           12%        2d6       16%         3
 Ignite Poison            Fire/Alch      12%        N/A       45%         4
 Passage of Golubria      Tloc           12%        N/A       45%         4
 Vhi's Electric Charge    Tloc/Air       24%        N/A       45%         4
 Agony                    Necr           12%        N/A       82%         5
 Alistair's Intoxication  Alch           8%         N/A       82%         5
 Borgnjor's Vile Clutch   Necr/Erth      6%         N/A       82%         5
 Yara's Violent Unravell  Hex/Alch       6%         3d5       82%         5
 Eringya's Noxious Bog    Alch           6%         4d6       100%        6
 Plasma Beam              Fire/Air       6%         2x1d16    100%        6
 Enfeeble                 Hex            6%         N/A       100%        7
 Infestation              Necr           6%         N/A       100%        8
 Shatter                  Erth           6%         3d9*      100%        9


Dungeon Overview and Level Annotations

Branches:
Dungeon (12/15)            Temple (1/1) D:5
   Lair: D:8-11         Orc: D:9-12

Altars:
Ashenzari
Cheibriados
Dithmenos
Elyvilon
Fedhas
Gozag
Hepliaklqana
Kikubaaqudgha
Makhleb
Nemelex Xobeh
Okawaru
Qazlal
Ru
Sif Muna
Trog
Uskayaw
Vehumet
Wu Jian
Xom
Yredelemnul
Zin
The Shining One

Shops:
D:8 [:=


Innate Abilities, Weirdness & Mutations

Your serpentine skin is tough. (AC +3)
You have supernaturally acute eyesight. (SInv)
Armour fits poorly on your strangely shaped body.
Your system is resistant to poisons. (rPois)
You cover ground very slowly.
You can spit poison.
You have a snake-like lower body.


Message History

You have got your breath back.
The yaktaur shoots a bolt.
The bolt hits you.
* * * LOW HITPOINT WARNING * * *
You climb downwards.
There is a stone staircase leading up here.
You start resting.
HP restored.
You climb upwards.
The yaktaur shoots a bolt.
The bolt hits you!
There is a stone staircase leading down, spattered with blood here.
The yaktaur shoots a bolt.
The bolt hits you!
You climb downwards.
There is a stone staircase leading up here.
You start resting.
HP restored.
You climb upwards.
The yaktaur shoots a bolt.
The bolt hits you.
There is a stone staircase leading down, spattered with blood here.
The yaktaur shoots a bolt.
The bolt hits you!!
Aiming: Spit Poison (1% risk of failure)
Press: ? - help, Shift-Dir - straight line, f - yaktaur
Aim: a yaktaur, wielding a +0 arbalest (92% to hit)
The splash of poison hits the yaktaur.
The yaktaur is poisoned.
The yaktaur is lightly wounded.
The yaktaur shoots a bolt.
The bolt hits you!
Unknown command.
The yaktaur shoots a bolt.
The bolt hits you!!
* * * LOW HITPOINT WARNING * * *
There is a stone staircase leading down, spattered with blood here.
Unknown command.
The yaktaur shoots a bolt.
The bolt closely misses you.
You climb downwards.
You have got your breath back.
There is a stone staircase leading up here.
Are you sure you want to abandon this character and quit the game? (Confirm with "yes".)
Okay, then.
You climb upwards.
The yaktaur shoots a bolt.
The bolt completely misses you.
The yaktaur shoots a bolt.
The bolt barely misses you.
There is a stone staircase leading down, spattered with blood here.
The yaktaur shoots a bolt.
The bolt hits you!!
You die...
Your body crumbles into a pile of gold.

#################################
.[..............@.$..............
................>.)..c...........
.###.###############.............
.# #.# #..#####...... .# #.# #..#
#...... .# #.# #..# #...... .#
#.# #..# #...... .. ..# #..#
#.....c .. ..# #..# #......


You could see a yaktaur (poisoned).

Vanquished Creatures
  A kobold demonologist (D:11)
  An unseen horror (D:11)
  2 yaktaurs (D:11)
  A troll (D:11)
  Sigmund (D:4)
  A slime creature (D:11)
  2 wyverns (D:11)
  3 water moccasins
  2 orc warriors
  2 ice beasts
  2 sky beasts (D:7)
  2 black bears
  A wolf (D:11)
  2 ogres (D:5)
  A phantom (D:5)
  5 kobold brigands
  4 bullfrogs
  5 scorpions
  9 wights
  6 killer bees (D:8)
  4 jellies
  An electric eel (D:11)
  2 orc priests
  3 hounds
  8 iguanas
  6 orc wizards
  Terence (D:3)
  Robin (D:3)
  6 gnolls
  9 adders
  A shadow imp (D:5)
  2 white imps
  4 ufetubi
  A worm (D:4)
  3 dart slugs
  25 orcs
  5 ball pythons
  3 endoplasms
  2 giant cockroaches
  14 goblins
  6 hobgoblins
  12 jackals
  2 quokkas
  2 bats (D:1)
  3 frilled lizards
  23 kobolds
  4 rats
  A boulder (D:11)
207 creatures vanquished.

Vanquished Creatures (collateral kills)
  A boulder (D:8)
1 creature vanquished.

Vanquished Creatures (others)
  20 fulminant prisms
20 creatures vanquished.

Grand Total: 228 creatures vanquished

Notes
Turn   | Place    | Note
-------+----------+-------------------------------------------
     0 | D:1      | Meow the Naga Conjurer began the quest for the Orb.
     0 | D:1      | Reached XP level 1. HP: 15/15 MP: 3/3
   148 | D:1      | Reached XP level 2. HP: 22/22 MP: 3/5
   151 | D:1      | Learned a level 2 spell: Searing Ray
   942 | D:2      | Reached XP level 3. HP: 28/28 MP: 1/6
  1337 | D:2      | Reached XP level 4. HP: 36/36 MP: 4/8
  1883 | D:3      | Reached skill level 5 in Conjurations
  1940 | D:3      | Noticed Robin
  1945 | D:3      | Killed Robin
  2135 | D:3      | Noticed Terence
  2140 | D:3      | Killed Terence
  2141 | D:3      | Reached XP level 5. HP: 42/42 MP: 4/10
  2614 | D:4      | Noticed an ice beast
  2788 | D:5      | Entered Level 5 of the Dungeon
  2849 | D:5      | Reached XP level 6. HP: 49/49 MP: 8/12
  3013 | D:5      | Reached skill level 6 in Conjurations
  3035 | D:5      | Got Sif Muna's Spellbook of the Charnel Tektite
  3041 | D:5      | Learned a level 4 spell: Iskenderun's Mystic Blast
  3046 | D:5      | Learned a level 4 spell: Fulminant Prism
  3362 | D:5      | Found an ancient bone altar of Kikubaaqudgha.
  3398 | D:5      | Reached XP level 7. HP: 55/55 MP: 8/14
  3519 | D:5      | Reached skill level 5 in Spellcasting
  3530 | D:5      | Reached skill level 7 in Conjurations
  3792 | D:5      | Found a shimmering blue altar of Sif Muna.
  3846 | D:5      | Found a staircase to the Ecumenical Temple.
  3852 | Temple   | Entered the Ecumenical Temple
  3862 | Temple   | Became a worshipper of Gozag Ym Sagoz the Greedy
  3913 | D:5      | Found a sparkling altar of Nemelex Xobeh.
  4352 | D:4      | Reached XP level 8. HP: 62/62 MP: 7/16
  4725 | D:4      | Noticed Sigmund
  4858 | D:6      | Reached skill level 8 in Conjurations
  5318 | D:6      | Found a radiant altar of Vehumet.
  5787 | D:7      | Reached skill level 9 in Conjurations
  5869 | D:7      | Reached XP level 9. HP: 42/68 MP: 10/20
  6413 | D:7      | Reached skill level 10 in Conjurations
  7314 | D:4      | Killed Sigmund
  7701 | D:8      | Found Istrun's Antique Armour Shoppe.
  7772 | D:8      | Found Wobbaraa's Book Shop.
  7777 | D:8      | Bought a book of Geomancy for 392 gold pieces
  7781 | D:8      | Learned a level 3 spell: Stone Arrow
  7786 | D:8      | Learned a level 4 spell: Brom's Barrelling Boulder
  7986 | D:8      | Reached XP level 10. HP: 51/75 MP: 9/23
  8096 | D:8      | Learned a level 5 spell: Freezing Cloud
  8201 | D:8      | Reached skill level 11 in Conjurations
  8403 | D:8      | Found Uplul's Jewellery Shop.
  9075 | D:9      | Noticed a two-headed ogre
  9081 | D:10     | Entered Level 10 of the Dungeon
  9266 | D:11     | Noticed a kobold demonologist
  9269 | D:11     | Noticed an unseen horror
  9401 | D:11     | Noticed a rust devil
  9406 | D:11     | Killed a kobold demonologist
  9422 | D:11     | Noticed a skeletal warrior
  9423 | D:11     | Noticed a skeletal warrior
  9675 | D:11     | Reached skill level 10 in Spellcasting
  9675 | D:11     | Noticed a cyclops
  9680 | D:11     | Noticed an unseen horror
  9719 | D:11     | Killed an unseen horror
  9720 | D:11     | Reached skill level 12 in Conjurations
  9720 | D:11     | Reached skill level 1 in Fighting
  9727 | D:11     | Learned a level 5 spell: Arcjolt
 10268 | D:11     | Shot with a bolt by a yaktaur

Illustrated notes

Levels and vault maps discovered:
D:1:      amcnicky_arrival_feature_with_door, layout_rooms
D:2:      layout_basic
D:3:      layout_basic, uniq_robin, uniq_terence
D:4:      layout_cave_pods, uniq_sigmund
D:5:      layout_loops_ring, lemuel_doored_altar,
          nemelex_xobeh_ov_fountains_minmay, general_overflow_altar,
          minmay_temple_entry_enclosed_plants, minmay_door_square,
          serial_bayou_pond_b, minmay_checkerbox
D:6:      layout_loops_ring, vehumet_altar_wand_db, st_stairs_11
D:7:      layout_gridville
D:8:      layout_loops_cross, serial_shops, kennysheep_little_box, shop,
          nicolae_inconvenience_store
D:9:      layout_big_octagon, hiddenorc2_lemuel, chequers_serial_rivers_micro_c,
          uniq_maurice
D:10:     layout_rooms
D:11:     cheibrodos_histonic, layout_small_grid, erik_lair_island
D:12:     layout_roguey, chequers_serial_rivers_micro_e
Temple:   mainiacjoe_temple_coin_purse

Skill      XL: |  1  2  3  4  5  6  7  8  9 10 |
---------------+-------------------------------+-----
Spellcasting   | 3 4 5 7 9 10 | 10.0
Conjurations   | 5 6 7 9 10 12 | 12.0
Fighting       | 3 |  3.5
Dodging        | |  1.5
Stealth        | |  3.0

Action                     |  1- 3 |  4- 6 |  7- 9 | 10-12 || total
---------------------------+-------+-------+-------+-------++-------
  Melee: Unarmed           |     1 |       |       |       ||     1
         Whip              |       |       |       |    30 ||    30
         Long sword        |       |       |       |     3 ||     3
         Punch             |       |       |       |     1 ||     1
   Fire: Sling             |    13 |    14 |     7 |       ||    34
   Cast: Magic Dart        |    26 |    23 |    20 |    15 ||    84
         Searing Ray       |     4 |    25 |    63 |    12 ||   104
         Fulminant Prism   |       |       |     8 |    12 ||    20
         Brom's Barrelling |       |       |       |     7 ||     7
         Iskenderun's Myst |       |       |       |     4 ||     4
         Stone Arrow       |       |       |       |     4 ||     4
Ability: Spit Poison       |    21 |    28 |    36 |    18 ||   103
  Evoke: Wand              |       |       |     3 |       ||     3
    Use: Scroll            |     4 |     2 |     5 |     2 ||    13
         Potion            |       |       |       |     2 ||     2
 Armour: Robe              |    13 |    21 |    71 |    85 ||   190
  Dodge: Dodged            |     8 |     6 |    44 |    71 ||   129

Table legend: (Time is in decaauts)
 A = Elapsed time spent in this place.
 B = Non-inter-level travel time spent in this place.
 C = Inter-level travel time spent in this place.
 D = Time resting spent in this place.
 E = Time spent auto-exploring this place.
 F = Levels seen in this place.
 G = Mean time per level.
                   A        B        C        D        E       F      G
               +--------+--------+--------+--------+--------+-----+--------+
         Total |  12779 |  11933 |    846 |   3072 |   7020 |  13 |  983.0 |
       Dungeon |  12751 |  11930 |    821 |   3072 |   7020 |  12 | 1062.6 |
        Temple |     27 |      2 |     25 |      0 |      0 |   1 |   27.0 |
               +--------+--------+--------+--------+--------+-----+--------+

Top non-repeatable levels by time:
     D:5: 1878 daAuts
     D:7: 1644 daAuts
     D:4: 1462 daAuts
     D:2: 1375 daAuts
     D:8: 1344 daAuts
     D:3: 1265 daAuts
     D:6: 1216 daAuts
    D:11: 813 daAuts
     D:1: 813 daAuts
    D:12: 481 daAuts
     D:9: 447 daAuts
  Temple: 27 daAuts
    D:10: 8 daAuts
